 Dungeon Crawl Stone Soup version 0.31-a0-986-g5e6e4ef867 (webtiles) character file.

Game seed: 2782414913897213905

163 AppTheSpectato the Caller (level 5, -7/28 HPs)
             Began as a Tengu Summoner on Nov 10, 2023.
             Killed by divine providence
             ... invoked by an orc priest
              (12 damage)
             ... on level 3 of the Dungeon.
             The game lasted 00:11:45 (2811 turns).

AppTheSpectato the Caller (Tengu Summoner)          Turns: 2811, Time: 00:11:46

Health: -7/28      AC:  7    Str:  8    XL:     5   Next: 44%
Magic:  1/11       EV: 27    Int: 17    God:
Gold:   161        SH:  0    Dex: 15    Spells: 8/11 levels left

rFire   . . .        f - +2 dagger (elec)
rCold   . . .        (no shield)
rNeg    . . .        a - +0 robe
rPois   +            (helmet restricted)
rElec   .            l - +0 cloak
rCorr   .            (no gloves)
SInv    .            (boots unavailable)
Will    .....        (no amulet)
Stlth   ++           o - +4 ring of protection
HPRegen 0.24/turn    j - ring of poison resistance
MPRegen 0.12/turn

%: acrobat
@: acrobatic
A: beak, talons 3, acrobatic
a: no special abilities


You were on level 3 of the Dungeon.
You visited 1 branch of the dungeon, and saw 3 of its levels.

You collected 161 gold pieces.

Inventory:

Hand Weapons
 f - a +2 dagger of electrocution (weapon)
Armour
 a - a +0 robe (worn)
 l - a +0 cloak (worn)
Jewellery
 h - a ring of see invisible
 j - a ring of poison resistance (right hand)
 o - a +4 ring of protection (left hand)
Wands
 m - a wand of acid (7)
Scrolls
 d - a scroll of fear {unknown}
 e - a scroll of poison {unknown}
 g - a scroll of torment {unknown}
 i - 2 scrolls of teleportation {unknown}
 k - a scroll of enchant armour {unknown}
Potions
 b - a potion of magic
 c - a potion of haste
 n - a potion of cancellation {unknown}


   Skills:
 - Level 2.1 Dodging
 - Level 2.0 Stealth
 + Level 3.8 Spellcasting
 + Level 6.5 Summonings


You had 8 spell levels left.
You knew the following spells:

 Your Spells              Type           Power      Damage    Failure   Level
a - Summon Small Mammal   Summ           100%       N/A       1%          1
b - Call Imp              Summ           50%        N/A       1%          2

Your spell library contained the following spells:

 Spells                   Type           Power      Damage    Failure   Level
 Call Canine Familiar     Summ           25%        N/A       3%          3
 Summon Guardian Golem    Hex/Summ       14%        N/A       13%         3
 Summon Lightning Spire   Summ/Air       14%        N/A       38%         4
 Ignite Poison            Fire/Tmut/Pois 3%         N/A       43%         3
 Sticky Flame             Conj/Fire      3%         2d3       85%         4
 Ignition                 Fire           1%         3d3       100%        8


Dungeon Overview and Level Annotations

Branches:
Dungeon (3/15)

Altars:
Hepliaklqana
Sif Muna


Innate Abilities, Weirdness & Mutations

You have a beak for a mouth.
You have claws for feet.
You can magically evade attacks while moving or waiting.


Message History

Your cerulean imp hits the orc with a -2 spear.
Your quokka bites the orc.
The orc dies!
The orc priest misses your cerulean imp.
Your cerulean imp barely misses the orc.
The orc closely misses your quokka.
The orc hits your cerulean imp with a +0 hand axe.
Your cerulean imp dies!
Your cerulean imp disappears in a puff of smoke!
The orc priest calls down the wrath of Beogh upon you.
Pain shoots through your body!
You miscast Call Imp.
You are very lightly contaminated with residual magic.
Nothing appears to happen.
Your quokka bites the orc.
The orc completely misses your quokka.
The orc hits your quokka with a +0 hand axe.
Your quokka bites the orc but does no damage.
Your quokka bites the orc.
The orc priest invokes the aid of Beogh against you.
Beogh smites you!
Ouch! That really hurt!
* * * LOW HITPOINT WARNING * * *
The orc hits your quokka with a +0 hand axe.
Your quokka dies!
Your quokka's corpse disappears in a puff of smoke!
The orc barely misses your quokka.
Your quokka barely misses the orc. x2
The orc hits your quokka with a +0 hand axe.
Your quokka dies!
Your quokka's corpse disappears in a puff of smoke!
The orc shouts!
Your magical contamination has completely faded away.
You are too injured to fight recklessly!
Casting: Call Imp (safe; 1% risk of failure)
Press: ? - help, Q - select action, (/) - cycle Dir - look around, f - activate A tiny devil pulls itself out of the air.
You swap places.
The orc priest calls down the wrath of Beogh upon you.
Beogh smites you!
You die...

######## #......# ###### #......#
#....# #......# #....#
#......###### #....#
............# #..(.#
.#'#........# #....#
.#..........##########....#######
.†.......☼......@.5..oo.o........
##.....≈☼≈≈≈.#.##########.#######
##.....≈≈§≈≈...# #...#
........._§≈.### ###.####
####...≈≈§○☼....# #.....# #
#...≈≈○○≈.##.# #..§.... #
#.....○...# #.§o§### .
..#.....#### #.o...# ....#######
#.o...#


You could see an orc priest (ally target), an orc and a friendly cerulean imp
(summoned).

Vanquished Creatures
  An adder (D:2)
  A worm (D:2)
  A jackal (D:2)
  A kobold (D:1)
  2 rats
6 creatures vanquished.

Vanquished Creatures (collateral kills)
  A hound (D:2)
  An orc priest (D:3)
  2 adders (D:2)
  4 dart slugs (D:1)
  An orc (D:3)
  3 bats
  3 endoplasms
  3 giant cockroaches
  4 hobgoblins
  7 jackals
  5 kobolds
  3 quokkas
  2 ball pythons (D:2)
  4 frilled lizards
  11 goblins
  3 rats
57 creatures vanquished.

Grand Total: 63 creatures vanquished

Notes
Turn   | Place    | Note
-------+----------+-------------------------------------------
     0 | D:1      | AppTheSpectato the Tengu Summoner began the quest for the
                  | Orb.
     0 | D:1      | Reached XP level 1. HP: 10/10 MP: 4/4
   273 | D:1      | Reached skill level 5 in Summonings
   369 | D:1      | Reached XP level 2. HP: 15/15 MP: 3/6
   372 | D:1      | Learned a level 2 spell: Call Imp
   925 | D:1      | Reached XP level 3. HP: 19/19 MP: 3/7
  1721 | D:2      | Reached XP level 4. HP: 24/24 MP: 5/9
  1888 | D:2      | Reached skill level 6 in Summonings
  2022 | D:2      | Reached XP level 5. HP: 28/28 MP: 7/11
  2027 | D:2      | Found a hazy altar of Hepliaklqana.
  2709 | D:3      | Found a shimmering blue altar of Sif Muna.
  2811 | D:3      | Killed from afar by an orc priest

Illustrated notes

Levels and vault maps discovered:
D:1:      dpeg_arrival_rooms_a, layout_loops_cross
D:2:      kennysheep_six_static_rooms, layout_basic, basic_altar
D:3:      layout_basic, nicolae_sif_muna_condensation,
          shapermc_ecumenical_altar_mp_urbaneastern

Skill      XL: |  1  2  3  4 |
---------------+-------------+-----
Summonings     | 5 6 |  6.5
Spellcasting   | 3 |  3.8
Dodging        | |  2.1
Stealth        | |  2.0

Action                     |  1- 3 |  4- 6 || total
---------------------------+-------+-------++-------
  Melee: Dagger            |    15 |    10 ||    25
         Unarmed           |     2 |       ||     2
         Kick              |     4 |     2 ||     6
         Peck              |     3 |       ||     3
         Punch             |     1 |       ||     1
   Cast: Summon Small Mamm |    53 |    31 ||    84
         Call Imp          |    21 |    13 ||    34
    Use: Scroll            |       |     1 ||     1
   Stab: Distracted        |     1 |       ||     1
 Armour: Robe              |    19 |     7 ||    26
  Dodge: Dodged            |    41 |     2 ||    43

Table legend: (Time is in decaauts)
 A = Elapsed time spent in this place.
 B = Non-inter-level travel time spent in this place.
 C = Inter-level travel time spent in this place.
 D = Time resting spent in this place.
 E = Time spent auto-exploring this place.
 F = Levels seen in this place.
 G = Mean time per level.
                   A        B        C        D        E       F      G
               +--------+--------+--------+--------+--------+-----+--------+
         Total |   2808 |   2561 |    247 |    167 |   1721 |   3 |  936.0 |
       Dungeon |   2808 |   2561 |    247 |    167 |   1721 |   3 |  936.0 |
               +--------+--------+--------+--------+--------+-----+--------+

Top non-repeatable levels by time:
     D:1: 1357 daAuts
     D:2: 1209 daAuts
     D:3: 241 daAuts
